Map: 匹昂台地

Players

shengy - Winner!

  • Race: Zerg Zerg
  • League: Platinum

Berty

  • Race: Zerg Zerg
  • League: Gold

VOD

Have the link to the VOD?

Description

Time

  • Played on: Dec. 28, 2015, 9:17 p.m.
  • Length: 5:39
Show
View Real Time Build Order
Export as new Build Order

shengy Zerg - Winner!

Build Orders: Pool First, Zergling Baneling 

Get SALT Encoding   

  12  0:01  Drone  
  13  0:08  Drone  
  14  0:17  Overlord  
  14  0:37  Spawning Pool  
  14  0:38  Extractor  
  14  0:40  Drone  
  13  0:43  Drone  
  13  0:47  Drone  
  15  0:55  Drone  
  16  1:07  Drone  
  17  1:13  Drone  
  18  1:27  Hatchery  
  17  1:36  Queen  
  19  1:44  Overlord  
  19  1:51  Metabolic Boost  
  19  1:56  Drone  
  19  2:00  Drone  
  21  2:08  Zergling x2  
  22  2:09  Zergling x2  
  23  2:18  Baneling Nest  
  23  2:20  Drone  
  22  2:33  Zergling x2  
  22  2:39  Zergling x2  
  25  2:49  Spine Crawler, Zergling x2  
  25  2:50  Zergling x2  
  24  2:51  Zergling x2  
  24  2:57  Zergling x2  
  26  3:01  Baneling  
  26  3:02  Baneling  
  26  3:06  Baneling  
  20  3:28  Drone x5  
  24  3:44  Zergling x4  
  24  3:45  Zergling x2  
  24  3:47  Zergling x2  
  28  3:50  Baneling  
  28  3:51  Baneling  
  28  3:59  Drone x2  
  29  4:08  Overlord  
  28  4:20  Queen  
  30  4:27  Baneling  
  30  4:30  Baneling x2  
  30  4:31  Baneling x2  
  30  4:38  Extractor  
  30  4:39  Drone x4  
  31  4:58  Zergling x12  
  37  5:03  Baneling x3  
  37  5:05  Drone  
  37  5:06  Zergling x4  
  39  5:15  Zergling x2  
Show
View Real Time Build Order
Export as new Build Order

Berty Zerg 

Build Orders: Pool First 

Get SALT Encoding   

  12  0:01  Drone  
  13  0:23  Spawning Pool  
  12  0:31  Drone  
  12  0:32  Drone, Extractor  
  13  0:40  Overlord  
  13  0:45  Drone  
  14  0:59  Drone  
  15  1:15  Zergling x4  
  17  1:25  Zergling x2  
  18  1:36  Metabolic Boost  
  18  1:40  Zergling x2  
  19  1:59  Drone x2  
  19  2:00  Baneling Nest  
  20  2:02  Queen  
  22  2:45  Overlord  
  22  2:48  Baneling x3  
  22  3:02  Overlord  
  22  3:04  Zergling x4  
  23  3:18  Zergling x6  
  23  3:28  Drone  
  23  3:31  Hatchery  
  23  3:34  Drone  
  20  4:22  Roach Warren  
  18  4:28  Zergling x2  
  18  4:29  Zergling x8  
  23  4:35  Queen  
  21  4:56  Drone x3  
  22  5:03  Baneling x4  
  22  5:10  Zergling x6  
  27  5:15  Spine Crawler  
  27  5:16  Spine Crawler  
  27  5:20  Spine Crawler  
Tags
 
Add a new tag
Caveats
  • Supply blocks, unpowered buildings, or Contaminate may cause inaccurate times.
  • Supply counts are checked every 10 seconds.